 Dungeon Crawl Stone Soup version 0.26-a0-1033-gd598b01645 (webtiles) character file.

Game seed: 6849209831784366869

142 Morbidden the Grave Robber (level 5, -3/38 HPs)
             Began as a Demonspawn Necromancer on Dec 10, 2020.
             Slain by an orc
             ... wielding a +0 flail
              (4 damage)
             ... on level 3 of the Dungeon.
             The game lasted 00:05:47 (2768 turns).

Morbidden the Grave Robber (Demonspawn Necromancer) Turns: 2768, Time: 00:05:48

Health: -3/38      AC:  4    Str:  9    XL:     5   Next: 3%
Magic:  0/9        EV: 12    Int: 17    God:
Gold:   166        SH:  0    Dex: 13    Spells: 5/9 levels left

rFire    . . .     SeeInvis .   b - +0 hunting sling
rCold    . . .     Faith    .   (no shield)
rNeg     . . .     Spirit   +   a - +0 robe
rPois    .         Reflect  .   (no helmet)
rElec    .         Harm     .   (no cloak)
rCorr    .         Rampage  .   (no gloves)
Will     .....                  (no boots)
Stlth    ++........             (no amulet)
HPRegen  0.12/turn              (no ring)
MPRegen  0.22/turn              (no ring)

@: attractive
A: thin metallic scales 1, magic shield, magic regeneration
a: no special abilities


You were on level 3 of the Dungeon.
You visited 1 branch of the dungeon, and saw 3 of its levels.

You collected 166 gold pieces.

Inventory:

Hand Weapons
 b - a +0 hunting sling (weapon)
Missiles
 c - 17 sling bullets (quivered ammo)
 n - 14 poisoned darts
Armour
 a - a +0 robe (worn)
Scrolls
 e - 2 scrolls of identify
 h - a scroll of random uselessness {unknown}
 i - 2 scrolls of remove curse {unknown}
 j - a scroll of magic mapping {unknown}
 k - a scroll of enchant weapon {unknown}
 l - a scroll of immolation {unknown}
 m - 2 scrolls of teleportation {unknown}
 o - a scroll of enchant armour {unknown}
 q - a scroll of amnesia {unknown}
Potions
 g - a potion of flight


   Skills:
 * Level 1.7 Fighting
 + Level 1.9 Slings
 + Level 1.8 Dodging
 + Level 2.2 Stealth
 * Level 2.8 Spellcasting
 * Level 5.1 Necromancy


You had 5 spell levels left.
You knew the following spells:

 Your Spells              Type           Power        Failure   Level
a - Pain                  Necr           ###.         2%          1
b - Vampiric Draining     Necr           ###.......   6%          3

Your spell library contained the following spells:

 Spells                   Type           Power        Failure   Level
 Animate Skeleton         Necr           ###...       2%          1
 Animate Dead             Necr           ###.......   22%         4
 Agony                    Necr           ###.....     52%         5


Dungeon Overview and Level Annotations

Branches:
Dungeon (3/15)

Altars:
Sif Muna


Innate Abilities, Weirdness & Mutations

You are partially covered in thin metallic scales. (AC +2)
When hurt, damage is shared between your health and your magic reserves.
You regenerate magic rapidly.


Message History

The orc priest hits you with a +0 war axe.
* * * LOW HITPOINT WARNING * * *
Unknown command.
Fire: 19 sling bullets
Press: ? - help, Q - select action, (/) - cycle Shift-Dir - straight line, f/p - orc priest
Aim: an orc priest, wielding a +0 war axe (heavily wounded)
You shoot a sling bullet. The sling bullet hits the orc priest.
The orc priest is severely wounded.
The orc hits you but does no damage. The leopard gecko barely misses you.
The orc priest hits you with a +0 war axe.
* * * LOW HITPOINT WARNING * * *
Unknown command.
Unknown command.
Fire: 18 sling bullets
Press: ? - help, Q - select action, (/) - cycle Shift-Dir - straight line, f/p - orc priest
Aim: an orc priest, wielding a +0 war axe (severely wounded)
You shoot a sling bullet. The sling bullet hits the orc priest.
The orc priest is almost dead.
The orc hits you with a +0 flail.
You die...

.### ############.# ######
....###..........#.##############
>.....'........÷.................
#...###.....†.......g....#######.
#... ##########...#####g# ## #(..
#.... #...# #.# # #... #....
#...# #.# # #... #..... #ol.# #.#
# #... #..... #@o)#####.# #(..
....#######......####
((.#.o..'........(..#
#####.#.####.....#####.#
#....$..........##
##.##(#.######### #)#.# #.#.#
..#.#


You could see an orc priest, an orc and a leopard gecko.

Vanquished Creatures
  Jessica (D:2)
  Ijyb (D:3)
  2 adders (D:2)
  An ooze (D:2)
  A worm (D:2)
  5 dart slugs
  2 leopard geckos
  3 orcs (D:3)
  3 ball pythons
  3 bats
  2 giant cockroaches
  2 goblins (D:2)
  6 hobgoblins
  4 jackals (D:3)
  4 frilled lizards
  9 kobolds
  5 rats
54 creatures vanquished.

Vanquished Creatures (others)
  5 toadstools (D:3)
5 creatures vanquished.

Grand Total: 59 creatures vanquished

Notes
Turn   | Place    | Note
-------+----------+-------------------------------------------
     0 | D:1      | Morbidden the Demonspawn Necromancer began the quest for
                  | the Orb.
     0 | D:1      | Reached XP level 1. HP: 13/13 MP: 3/3
   622 | D:1      | Gained mutation: When hurt, damage is shared between your
                  | health and your magic reserves. [demonic ancestry]
   622 | D:1      | Reached XP level 2. HP: 18/19 MP: 3/5
   834 | D:1      | Found a shimmering blue altar of Sif Muna.
   891 | D:1      | Reached skill level 1 in Fighting
  1241 | D:2      | Gained mutation: You regenerate magic rapidly. [demonic
                  | ancestry]
  1241 | D:2      | Reached XP level 3. HP: 24/26 MP: 6/6
  1883 | D:2      | Reached skill level 5 in Necromancy
  1913 | D:2      | Reached XP level 4. HP: 30/32 MP: 4/7
  2121 | D:2      | Noticed Jessica
  2134 | D:2      | Learned a level 3 spell: Vampiric Draining
  2135 | D:2      | Killed Jessica
  2136 | D:2      | Reached skill level 1 in Slings
  2632 | D:3      | Noticed Ijyb
  2689 | D:3      | Killed Ijyb
  2744 | D:3      | Gained mutation: You are partially covered in thin metallic
                  | scales. (AC +2) [demonic ancestry]
  2744 | D:3      | Reached XP level 5. HP: 30/38 MP: 3/9
  2767 | D:3      | HP: 1/38 [orc priest/+0 war axe (5)]
  2768 | D:3      | Slain by an orc

Illustrated notes

Levels and vault maps discovered:
D:1:      dpeg_arrival_lava_altar, layout_loops_cross
D:2:      layout_basic, minmay_goblin_kobold_house, uniq_jessica
D:3:      layout_basic, minmay_gold_behind_fungi, uniq_ijyb

Skill      XL: |  1  2  3  4 |
---------------+-------------+-----
Fighting       | 1 |  1.7
Stealth        | 2 |  2.2
Necromancy     | 5 |  5.1
Slings         | 1 |  1.9
Dodging        | |  1.8
Spellcasting   | |  2.8

Action                   |  1- 3 |  4- 6 || total
-------------------------+-------+-------++-------
 Fire: Hunting sling     |    65 |    36 ||   101
 Cast: Pain              |    38 |    28 ||    66
       Vampiric Draining |       |     4 ||     4
  Use: Potion            |       |     6 ||     6
       Scroll            |       |     1 ||     1
Armor: Robe              |     4 |    12 ||    16
Dodge: Dodged            |    21 |    40 ||    61

Table legend: (Time is in decaauts)
 A = Elapsed time spent in this place.
 B = Non-inter-level travel time spent in this place.
 C = Inter-level travel time spent in this place.
 D = Time resting spent in this place.
 E = Time spent auto-exploring this place.
 F = Levels seen in this place.
 G = Mean time per level.
                   A        B        C        D        E       F      G
               +--------+--------+--------+--------+--------+-----+--------+
         Total |   2783 |   2726 |     57 |     18 |   2200 |   3 |  927.7 |
       Dungeon |   2783 |   2726 |     57 |     18 |   2200 |   3 |  927.7 |
               +--------+--------+--------+--------+--------+-----+--------+

Top non-repeatable levels by time:
     D:2: 1247 daAuts
     D:1: 1224 daAuts
     D:3: 311 daAuts
